Map: Dash and Terminal LE (Void)

Players

Toons - Winner!

  • Race: Zerg Zerg
  • League: Silver

VOD

Have the link to the VOD?

Description

Time

  • Played on: Aug. 4, 2015, 8:35 p.m.
  • Length: 15:50
Show
View Real Time Build Order
Export as new Build Order

Toons Zerg - Winner!

Build Orders: Hatch First 

Get SALT Encoding   

  12  0:02  Drone  
  12  0:09  Drone  
  12  0:16  Overlord  
  12  0:29  Extractor  
  12  0:30  Drone  
  12  0:37  Drone x2  
  12  0:54  Hatchery  
  12  0:59  Drone  
  12  1:00  Drone  
  12  1:06  Extractor  
  12  1:16  Spawning Pool  
  12  1:20  Drone  
  12  1:22  Drone  
  12  1:36  Drone  
  12  1:44  Drone  
  12  2:01  Overlord  
  12  2:03  Queen  
  12  2:08  Extractor  
  12  2:12  Zergling x4  
  12  2:15  Drone  
  12  2:22  Baneling Nest  
  12  2:25  Drone  
  12  2:26  Drone  
  12  2:34  Queen  
  12  2:40  Drone x3  
  12  2:50  Drone x2  
  12  2:51  Evolution Chamber  
  12  2:56  Overlord  
  12  3:04  Drone  
  12  3:19  Drone x6  
  12  3:22  Zerg Melee Weapons Level 1  
  12  3:23  Metabolic Boost  
  12  3:31  Extractor  
  12  3:36  Zergling x2  
  12  3:37  Zergling x6  
  12  3:42  Spore Crawler  
  12  3:43  Drone  
  12  3:44  Drone  
  12  3:51  Lair  
  12  3:58  Drone x2  
  12  4:00  Overlord  
  12  4:05  Overlord  
  12  4:24  Zergling x2  
  12  4:25  Zergling x12  
  12  4:26  Zergling x2  
  12  4:29  Baneling  
  12  4:30  Baneling x4  
  12  4:37  Drone x3  
  12  4:41  Overlord  
  12  5:00  Drone  
  12  5:01  Drone x6, Hydralisk Den  
  12  5:04  Overlord  
  12  5:17  Baneling x7  
  12  5:18  Baneling x7  
  12  5:24  Extractor  
  12  5:25  Zergling x2  
  12  5:27  Zergling x6  
  12  5:28  Zergling x2  
  12  5:36  Spore Crawler  
  12  5:42  Lurker Den, Queen  
  12  5:55  Zerg Missile Weapons Level 1  
  12  6:01  Hatchery  
  12  6:13  Centrifical Hooks  
  12  6:21  Infestation Pit  
  12  6:33  Hydralisk  
  12  6:34  Hydralisk x6  
  12  6:35  Overlord x2  
  12  6:37  Drone  
  12  6:44  Drone x2  
  12  7:00  Drone  
  12  7:01  Drone  
  12  7:02  Drone x9  
  12  7:28  Overlord, Hydralisk x5  
  12  7:32  Lurker  
  12  7:33  Lurker x2  
  12  7:41  Extractor  
  12  7:42  Extractor  
  12  7:49  Hive  
  12  7:50  Zerg Missile Weapons Level 2  
  12  7:54  Zergling x2  
  12  7:55  Overlord, Zergling x18  
  12  8:14  Drone x8  
  12  8:16  Overlord x2  
  12  8:23  Muscular Augments  
  12  8:46  Drone x4, Overlord x2  
  12  8:47  Hydralisk x5  
  12  9:09  Adrenal Glands, Ultralisk Cavern  
  12  9:13  Evolution Chamber  
  12  9:32  Hatchery  
  12  9:33  Hydralisk x10  
  12  9:36  Overlord  
  12  9:40  Overlord  
  12  9:48  Zerg Ground Armor Level 1  
  12  10:14  Chitinous Plating  
  12  10:16  Overlord  
  12  10:17  Overlord x2  
  12  10:29  Spore Crawler  
  12  10:49  Drone x3  
  12  10:50  Drone x3  
  12  10:51  Drone  
  12  10:54  Queen  
  12  10:56  Overlord  
  12  11:01  Ultralisk  
  12  11:02  Ultralisk x5  
  12  11:06  Zerg Melee Weapons Level 2  
  12  11:20  Extractor  
  12  11:22  Spore Crawler, Extractor  
  12  12:07  Zerg Ground Armor Level 2  
  12  12:14  Ultralisk  
  12  12:15  Ultralisk  
  12  12:29  Ultralisk  
  12  12:30  Ultralisk x3  
  12  13:13  Viper  
  12  13:14  Ultralisk x3  
  12  13:19  Zergling x2  
  12  13:20  Zergling x44  
  12  13:26  Overlord x2  
  12  13:28  Overlord x2  
  12  13:34  Hatchery  
  12  14:02  Ultralisk  
  12  14:03  Ultralisk  
  12  14:26  Ultralisk, Viper  
  12  14:27  Ultralisk  
Tags
 
Add a new tag
Caveats
  • Supply blocks, unpowered buildings, or Contaminate may cause inaccurate times.
  • Supply counts are checked every 10 seconds.